AoeStats
← Alyosha

Nomad

510217686Analyzed
4v4 RM · 24h ago on Sep 30, 2026· 14m 32s· 8 players
Game mode
Random Map
Map size
231×231
Population
200
Speed
Normal
Resources
Standard
Victory
Conquest
Starting age
Dark Age
Ending age
Imperial Age
RankedLock teamsTeams togetherTeam positionsShared explorationLock speedFull tech treeHidden civsTurbo modeCheats
Victory
Defeat
🇨🇱 Persians · Chile
776
+17
🇺🇸 Turks · United States
756
+18
🇲🇽 Lithuanians · Mexico
737
+19
🇨🇱 Koreans · Chile
719
+19
🇵🇹 Byzantines · Portugal
827
-20
🇵🇪 Varangians · Peru
802
-18
🇺🇸 Poles · United States
780
-18
🇨🇱 Teutons · Chile
776
-17
2SK3TCHY
14:34 Feudal Age
12:50 Loom
cristobal.queutre.91
4:28 Loom
Timor Primus
8:32 Loom
joaolex1978
10:11 Loom
Alyosha
15:22 Feudal Age
anzolablan
15:42 Feudal Age
elguille911
PerdiendoConCan
7:28 Loom
13:03 Feudal Age
Connection lost

Rejoining the realm…

Still unreachable

The connection could not be restored.

Session expired

The server has moved on; the page needs a fresh start.